 Dungeon Crawl Stone Soup version 0.31-a0-810-ga77100ea1a (webtiles) character file.

Game seed: 1867957468823295092

58 lunkers the Shield-Bearer (level 4, -6/33 HPs)
             Began as a Meteoran Wanderer on Sept 21, 2023.
             Mangled by a gnoll
             ... wielding a +0 flail
              (12 damage)
             ... on level 2 of the Dungeon.
             The game lasted 00:02:54 (781 turns).

lunkers the Shield-Bearer (Meteoran Wanderer)        Turns: 781, Time: 00:02:54

Health: -6/33      AC:  2    Str: 14    XL:     4   Next: 43%
Magic:  7/7        EV: 12    Int: 12    God:
Gold:   54         SH:  7    Dex: 16    Spells: 5/5 levels left

rFire   . . .        b - +2 dagger (flame)
rCold   + . .        e - +2 buckler
rNeg    . . .        d - +0 robe
rPois   .            (helmet currently unavailable)
rElec   .            (cloak currently unavailable)
rCorr   .            (gloves currently unavailable)
SInv    .            g - melded +0 pair of boots
Will    .....        (no amulet)
Stlth   +            j - ring of protection from cold
HPRegen 0.25/turn    (no ring)
MPRegen 0.10/turn

%: no passive effects
@: beast-form, glowing
A: beast (slay +0), sense surroundings 1, otherworldly, glowing, explore regen
a: Begin Untransformation


You were on level 2 of the Dungeon.
You were a hulking beast.
You visited 1 branch of the dungeon, and saw 2 of its levels.

You collected 54 gold pieces.

Inventory:

Hand Weapons
 a - a +0 dagger
 b - a +2 dagger of flaming (weapon)
Armour
 d - a +0 robe (worn)
 e - a +2 buckler (worn)
 g - a +0 pair of boots (melded)
Jewellery
 j - a ring of protection from cold (left hand)
 m - a +6 ring of intelligence
 p - a +4 ring of slaying
Talismans
 k - a beast talisman (active)
Scrolls
 h - a scroll of poison {unknown}
 n - a scroll of teleportation {unknown}
 o - a scroll of vulnerability {unknown}
Potions
 c - a potion of attraction
 f - 2 potions of curing {unknown}
 i - a potion of degeneration {unknown}
 l - a potion of enlightenment {unknown}


   Skills:
 - Level 2.2 Short Blades
 - Level 1.1 Armour
 - Level 2.1 Dodging
 - Level 1.0 Stealth
 - Level 4.3 Shields
 * Level 2.4 Unarmed Combat
 - Level 1.3 Spellcasting
 - Level 1.2 Transmutations
 + Level 1.4 Shapeshifting


You had 5 spell levels left.
You didn't know any spells.
Your spell library contained the following spells:

 Spells                   Type           Power      Damage    Failure   Level
 Sting                    Tmut/Pois      8%         1d3       30%         1
 Wereblood                Tmut           3%         N/A       34%         2
 Passwall                 Tmut/Erth      1%         N/A       41%         2
 Poisonous Vapours        Pois/Air       0%         N/A       50%         2
 Sublimation of Blood     Necr           0%         N/A       50%         2
 Tukima's Dance           Hex            0%         N/A       75%         3
 Dimensional Bullseye     Hex/Tloc       0%         N/A       98%         4
 Iskenderun's Mystic Bla  Conj/Tloc      0%         2d3       98%         4
 Olgreb's Toxic Radiance  Pois           0%         N/A       98%         4
 Summon Hydra             Summ           0%         N/A       100%        7


Dungeon Overview and Level Annotations

Branches:
Dungeon (2/15) Zot: 421

Altars:
Dithmenos


Innate Abilities, Weirdness & Mutations

You are a hulking beast.
Your limbs bulge with bestial killing power. (Slay +0)
You passively map a small area around you.
You are easily found by Zot.
You glow in the dark.
You regain HP and MP as you explore.


Message History

You block the gnoll's attack.
Unknown command.
You hit the gnoll. You burn the gnoll.
You kill the gnoll!
Your Unarmed Combat skill increases to level 2!
You have reached level 4!
You hit the gnoll. You burn the gnoll.
The gnoll is heavily wounded.
The gnoll closely misses you.
Unknown command.
You completely miss the gnoll.
The gnoll is heavily wounded.
You block the gnoll's attack.
Unknown command.
You hit the gnoll but do no damage.
The gnoll is heavily wounded.
The gnoll closely misses you.
Unknown command.
You hit the gnoll. You burn the gnoll.
The gnoll is severely wounded.
You block the gnoll's attack.
You hit the gnoll but do no damage.
The gnoll is severely wounded.
The gnoll hits you with a +0 flail!
* * * LOW HITPOINT WARNING * * *
You closely miss the gnoll.
The gnoll is severely wounded.
You block the gnoll's attack.
You hit the gnoll but do no damage.
The gnoll is severely wounded.
The gnoll barely misses you.
You hit the gnoll. You burn the gnoll.
You kill the gnoll!
Unknown command.
The gnoll misses you.
Items here: )) ††.
You hit the gnoll but do no damage. You block the gnoll's attack.
Unknown command.
You hit the gnoll but do no damage. The gnoll hits you with a +0 flail!
You die...

* * #.....g. .# * *
####### ,,
#......##.#.#.# ,
......#
,##..............
...##.# ,*
........g#.#... ...##.##
,*###......#,* ..)....#,
* ######g# .......# , *
#.# , .......#*
###########.#
.......####.....hg....#*
#####.###...###########
#.# #.### ###.# #.#
#...# #.# #.### #.# #.#
#.# #.# #.# ###.# #.#


You could see a gnoll.

Vanquished Creatures
  2 gnolls (D:2)
  An adder (D:2)
  A dart slug (D:1)
  A ball python (D:1)
  2 bats
  4 endoplasms
  A giant cockroach (D:1)
  3 goblins (D:1)
  2 hobgoblins (D:2)
  2 jackals (D:1)
  A quokka (D:1)
  6 kobolds (D:1)
26 creatures vanquished.

Notes
Turn   | Place    | Note
-------+----------+-------------------------------------------
     0 | D:1      | lunkers the Meteoran Wanderer began the quest for the Orb.
     0 | D:1      | lunkers set off with the following items: a +0 dagger, a +0
                  | pair of boots, a potion of attraction, a +0 robe, a +2
                  | buckler; and the following spells available to memorise:
                  | Wereblood, Passwall.
     0 | D:1      | Reached XP level 1. HP: 14/14 MP: 3/3
    70 | D:1      | Reached skill level 1 in Short Blades
    71 | D:1      | Reached XP level 2. HP: 13/20 MP: 5/5
   391 | D:1      | Reached XP level 3. HP: 20/26 MP: 6/6
   453 | D:1      | Reached skill level 1 in Unarmed Combat
   501 | D:1      | Glimpsed the power of Zot.
   551 | D:1      | Glimpsed the power of Zot.
   613 | D:2      | Found a shadowy altar of Dithmenos.
   642 | D:2      | Reached skill level 1 in Shapeshifting
   771 | D:2      | Reached XP level 4. HP: 13/33 MP: 7/7
   781 | D:2      | Mangled by a gnoll

Illustrated notes

Levels and vault maps discovered:
D:1:      lemuel_arrival_river_bridge, layout_basic, reono_crystal_passage
D:2:      layout_basic, basic_altar, serial_shops, shop, uniq_natasha

Skill      XL: |  1  2  3 |
---------------+----------+-----
Short Blades   | 1 2 |  2.2
Unarmed Combat | 2 |  2.4
Shapeshifting  | 1 |  1.4
Armour         | |  1.1
Dodging        | |  2.1
Stealth        | |  1.0
Shields        | |  4.3
Spellcasting   | |  1.3
Transmutations | |  1.2

Action                     |  1- 3 |  4- 6 || total
---------------------------+-------+-------++-------
  Melee: Dagger            |   110 |    10 ||   120
 Armour: Robe              |    54 |     2 ||    56
  Dodge: Dodged            |    51 |     4 ||    55
  Block: Buckler           |    49 |     4 ||    53
   Form: Beast             |     1 |       ||     1

Table legend: (Time is in decaauts)
 A = Elapsed time spent in this place.
 B = Non-inter-level travel time spent in this place.
 C = Inter-level travel time spent in this place.
 D = Time resting spent in this place.
 E = Time spent auto-exploring this place.
 F = Levels seen in this place.
 G = Mean time per level.
                   A        B        C        D        E       F      G
               +--------+--------+--------+--------+--------+-----+--------+
         Total |    777 |    701 |     76 |      0 |    469 |   2 |  388.5 |
       Dungeon |    777 |    701 |     76 |      0 |    469 |   2 |  388.5 |
               +--------+--------+--------+--------+--------+-----+--------+

Top non-repeatable levels by time:
     D:1: 577 daAuts
     D:2: 199 daAuts
